 Dungeon Crawl Stone Soup version 0.31.0-1-g2c135a008e (webtiles) character file.

Game seed: 15924089607606956866

12445 qw the Skirmisher (level 12, -1/86 HPs)
             Began as a Djinni Hunter on Jan 24, 2024.
             Was a High Priest of Okawaru.
             Slain by a yak (3 damage)
             ... on level 1 of the Lair of Beasts.
             The game lasted 00:00:43 (8844 turns).

qw the Skirmisher (Djinni Hunter)                   Turns: 8844, Time: 00:00:43

Health: -1/86      AC: 17    Str: 10    XL:     12   Next: 20%
Gold:   1296       EV: 23    Int: 12    God:    Okawaru [*****.] SH:  0 Dex: 21

rFire   + + .        c - +6 arbalest (freeze)
rCold   . . .        (shield currently unavailable)
rNeg    . . .        q - +5 robe of Night {Dark Will+ SInv}
rPois   inf          l - +1 helmet
rElec   .            (no cloak)
rCorr   .            b - +2 pair of gloves of Cowardice {rC+}
SInv    +            (boots unavailable)
Will    ++...        p - amulet of faith
Stlth   +++          d - +4 ring of protection
HPRegen 0.34/turn    (no ring)
MPRegen 0.00/turn

%: faith, infuse magic (-2 HP)
@: heroic, finesse-ful, flying
A: sickness immunity, fire resistance 2, cold vulnerability 1, float, innate
caster, HP casting, extra vitality 1
a: Renounce Religion, Heroism, Finesse, Duel


You were on level 1 of the Lair of Beasts.
You worshipped Okawaru.
Okawaru was extremely pleased with you.
You visited 3 branches of the dungeon, and saw 11 of its levels.

You collected 1776 gold pieces.
You spent 480 gold pieces at shops.


Innate Abilities, Weirdness & Mutations

You are immune to sickness and miasma.
You are immune to poison.
Your flesh is very heat resistant. (rF++)
You are vulnerable to cold. (rC-)
You float through the air rather than walking.
You learn spells naturally, not from books.
Your magical power is your life essence.
You have superior vitality. (+4 MHP)


   Skills:
 - Level 8.0(13.0) Fighting
 - Level 10.7(15.7) Ranged Weapons
 - Level 3.2(8.2) Armour
 + Level 8.9(13.9) Dodging
 - Level 0.7(5.7) Stealth
 + Level 8.8 Invocations


You knew the following spells:

 Your Spells              Type           Power      Damage    Failure   Level
a - Sandblast             Erth           0%         2d4       32%         1
b - Blink                 Tloc           0%         N/A       45%         2
c - Vampiric Draining     Necr           0%         2d6       69%         3
d - Brom's Barrelling Bo  Conj/Erth      0%         2d3       97%         4
e - Ignite Poison         Fire/Alch      0%         N/A       97%         4
Your spell library was empty.

Inventory:

Hand Weapons
 c - a +6 arbalest of freezing (weapon)
Armour
 a - a +2 leather armour of fire resistance
 b - the +2 pair of gloves of Cowardice (worn) {rC+}
   (You acquired it on level 2 of the Dungeon)

   rC+:       It protects you from cold.
 e - a +2 ring mail of cold resistance
 l - a +1 helmet (worn)
 q - the +5 robe of Night (worn) {Dark Will+ SInv}
   (You found it on level 9 of the Dungeon)

   Dark:      It shrouds the wearer in darkness, reducing the range at which
   they can see and be seen by others.
   Will+:     It increases your willpower.
   SInv:      It lets you see invisible.
Jewellery
 d - a +4 ring of protection (left hand)
 p - an amulet of faith (around neck)
Wands
 i - a wand of iceblast (5)
Potions
 g - a potion of enlightenment
 h - 4 potions of might
 j - 3 potions of curing
 m - 2 potions of cancellation
 o - a potion of resistance {unknown}
 s - a potion of mutation {unknown}

Dungeon Overview and Level Annotations

Branches:
Dungeon (9/15)             Temple (1/1) D:6            Lair (1/5) D:9
    Orc: D:9-12

Altars:
Ashenzari
Cheibriados
Dithmenos
Elyvilon
Fedhas
Gozag
Hepliaklqana
Makhleb
Nemelex Xobeh
Okawaru
Qazlal
Ru
Trog
Uskayaw
Wu Jian
Xom
Yredelemnul
Zin
The Shining One

Shops:
D:5 [

Annotations:
D:6 1 runed translucent door, qw's ghost, novice GrHu


Message History

The yak misses you. The yak gores you but does no damage.
A yak comes into view.
The yak misses you.
You shoot a bolt. The bolt hits the yak!!
The bolt freezes the yak.
The yak is heavily wounded.
You shoot a bolt. The bolt hits the yak!!
The bolt freezes the yak.
You kill the yak!
Okawaru accepts your kill. The yak misses you.
The yak gores you but does no damage.
A yak comes into view.
8837 ||| INVOKING Heroism.
You gain the combat prowess of a mighty hero.
The yak closely misses you. The yak gores you but does no damage.
The death yak gores you but does no damage.
The blink frog completely misses you.
You shoot a bolt.
The bolt hits the death yak but does no damage.
The blink frog blinks!
The blink frog closely misses you.
You shoot a bolt. The bolt hits the death yak!
The bolt freezes the death yak!
The death yak is moderately wounded.
The yak misses you. The yak gores you but does no damage.
You shoot a bolt. The bolt hits the death yak.
The bolt freezes the death yak.
The death yak is moderately wounded.
The blink frog hits you!
The yak misses you. x2; The yak closely misses you.
The death yak closely misses you. The yak gores you.
You shoot a bolt. The bolt hits the death yak!
The bolt freezes the death yak.
The death yak is heavily wounded.
The blink frog hits you.
You shoot a bolt. The bolt hits the death yak!!
The bolt freezes the death yak!
You kill the death yak!
Okawaru is honoured by your kill. The blink frog completely misses you.
The yak gores you but does no damage. The yak gores you!
You shoot a bolt. The bolt hits the blink frog!
The bolt freezes the blink frog!
The blink frog is severely wounded.
The blink frog blinks!
You shoot a bolt. The bolt hits the yak!
The bolt freezes the yak.
The yak is moderately wounded.
The yak closely misses you. The yak misses you. The yak gores you. x2
You die...

...........
.............¤.
.....F>........
.....F.........
.....%.........
......Y..%....¤
....Y@YY%....Y.
....YYY....¤...
.=.............
...............
.........%.....
...............
.....<.....
...........
...........


You could see 7 yaks and 2 blink frogs.

Vanquished Creatures
  A death yak (Lair:1)
  Pikel (D:5)
  A black mamba (Lair:1)
  A cane toad (Lair:1)
  6 komodo dragons
  A kobold demonologist (D:8)
  3 red devils (D:8)
  A hornet (D:9)
  2 blink frogs (Lair:1)
  5 dream sheep (D:9)
  2 shadows (D:9)
  12 yaks
  A wyvern (D:8)
  A steam dragon (D:4)
  A water moccasin (Lair:1)
  4 orc warriors
  2 sky beasts
  4 black bears
  2 ice beasts
  3 centaurs
  An ogre (D:7)
  2 lemures (D:5)
  3 phantoms
  Blork the orc (D:6)
  5 kobold brigands
  A gnoll sergeant (D:8)
  7 bullfrogs
  2 scorpions
  12 wights
  4 howler monkeys
  A jelly (D:6)
  A gnoll bouda (D:4)
  3 orc priests
  5 hounds
  4 sleepcaps
  3 iguanas
  8 orc wizards
  13 adders
  7 gnolls
  A shadow imp (D:6)
  2 ufetubi (D:6)
  2 dart slugs
  2 ribbon worms (D:2)
  35 orcs
  11 endoplasms
  6 giant cockroaches
  9 goblins
  10 hobgoblins
  5 quokkas
  8 ball pythons
  7 bats
  6 frilled lizards
  33 kobolds
  9 rats
283 creatures vanquished.

Notes
Turn   | Place    | Note
-------+----------+-------------------------------------------
     0 | D:1      | qw the Djinni Hunter began the quest for the Orb.
     0 | D:1      | Reached XP level 1. HP: 18/18 MP: 0/0
     0 | D:1      | 0 ||| qw: Version: 0.3-a-136-gdd3b4e8
     0 | D:1      | 0 ||| qw: Game counter: 1389
     0 | D:1      | 0 ||| qw: Melee chars always use a shield: true
     0 | D:1      | 0 ||| qw: God list: Okawaru
     0 | D:1      | 0 ||| qw: Allow faded altars: false
     0 | D:1      | 0 ||| qw: Do Orc after clearing Dungeon:15 true
     0 | D:1      | 0 ||| qw: Do second Lair branch before Depths: true
     0 | D:1      | 0 ||| qw: Lair rune preference: random
     0 | D:1      | 0 ||| qw: Goals: Normal
     0 | D:1      | 0 ||| PLANNING D:1-11
   119 | D:1      | Reached XP level 2. HP: 23/23 MP: 0/0
   300 | D:1      | Reached XP level 3. HP: 28/28 MP: 0/0
   300 | D:1      | Learned a level 1 spell: Sandblast
   301 | D:1      | Reached skill level 4 in Ranged Weapons
   711 | D:1      | 711 ||| UPGRADING to +0 ring mail.
   721 | D:1      | 721 ||| DROPPING +0 leather armour.
   722 | D:1      | 722 ||| DROPPING scarf of shadows.
   723 | D:1      | 723 ||| READING scroll labelled JINWOPT YHINI.
   723 | D:1      | Identified a scroll of acquirement
   723 | D:1      | 723 ||| ACQUIRING +4 arbalest of freezing
   723 | D:1      | Acquired a +4 arbalest of freezing
   725 | D:1      | 725 ||| SWAPPING to +4 arbalest of freezing.
   726 | D:1      | 726 ||| DROPPING +0 shortbow.
   727 | D:1      | 727 ||| READING scroll labelled OFIOVOILEDU.
   728 | D:1      | 728 ||| READING scroll labelled QAATAZ XOJIFF.
   729 | D:1      | 729 ||| READING scroll labelled MOEPUL WUH.
   729 | D:1      | 729 ||| ENCHANTING +4 arbalest of freezing.
   730 | D:1      | 730 ||| DRINKING 2 metallic clear potions.
   731 | D:1      | 731 ||| DRINKING 2 dark potions.
   732 | D:1      | 732 ||| DROPPING scroll of butterflies.
   771 | D:2      | Reached skill level 1 in Armour
   781 | D:2      | 781 ||| READING 2 scrolls of acquirement.
   781 | D:2      | 781 ||| ACQUIRING +2 pair of gloves of Cowardice {rC+}
   781 | D:2      | Acquired the +2 pair of gloves of Cowardice {rC+}
   783 | D:2      | 783 ||| UPGRADING to +2 pair of gloves of Cowardice {rC+}.
   788 | D:2      | 788 ||| READING scroll of acquirement.
   788 | D:2      | 788 ||| ACQUIRING 1279 gold pieces
   788 | D:2      | Acquired 1279 gold pieces
   885 | D:2      | Reached XP level 4. HP: 34/34 MP: 0/0
   987 | D:2      | Reached skill level 3 in Fighting
  1403 | D:2      | Identified the -1 buckler "Atir" {rPois rN+}
  1493 | D:2      | Reached XP level 5. HP: 40/40 MP: 0/0
  1493 | D:2      | Learned a level 2 spell: Blink
  1655 | D:2      | 1655 ||| UPGRADING to +4 ring of protection.
  1656 | D:2      | 1656 ||| READING scroll labelled QANEUGA FUPEECORGHO.
  1657 | D:2      | 1657 ||| READING scroll labelled BACEFE DANLEF.
  1657 | D:2      | 1657 ||| ENCHANTING +4 arbalest of freezing.
  1658 | D:2      | 1658 ||| READING 2 scrolls labelled AROECI UNOBUA.
  1659 | D:2      | 1659 ||| DROPPING scroll of amnesia.
  1972 | D:3      | Reached skill level 5 in Ranged Weapons
  2496 | D:3      | 2496 ||| UPGRADING to amulet of faith.
  2501 | D:3      | 2501 ||| READING scroll labelled BACRURGH ZOISO.
  2501 | D:3      | 2501 ||| IDENTIFYING emerald potion
  2502 | D:3      | 2502 ||| READING scroll labelled OSCHUOCIOWK.
  2603 | D:3      | 2603 ||| READING 2 scrolls labelled LUUNOK HUOLECW.
  2704 | D:3      | 2704 ||| DRINKING 2 pink potions.
  2705 | D:3      | 2705 ||| DRINKING 2 fuming ruby potions.
  2706 | D:3      | 2706 ||| DROPPING potion of degeneration.
  2707 | D:3      | 2707 ||| DROPPING scroll of silence.
  2740 | D:4      | Reached XP level 6. HP: 46/46 MP: 0/0
  2846 | D:4      | Reached skill level 3 in Dodging
  2976 | D:4      | Identified the +8 mace of Ignis's Fury {elec, Stlth+}
  3251 | D:4      | Reached XP level 7. HP: 29/52 MP: 0/0
  3251 | D:4      | Learned a level 3 spell: Vampiric Draining
  3566 | D:4      | Noticed a steam dragon
  3568 | D:4      | Killed a steam dragon
  3569 | D:4      | Reached skill level 6 in Ranged Weapons
  3911 | D:4      | 3911 ||| DROPPING +2 pair of gloves.
  3935 | D:5      | Entered Level 5 of the Dungeon
  3935 | D:5      | Found Tecom's Armour Shop.
  3938 | D:5      | 3938 ||| BUYING +2 leather armour of fire resistance (228
                  | gold).
  3938 | D:5      | Bought a +2 leather armour of fire resistance for 228 gold
                  | pieces
  3938 | D:5      | 3938 ||| BUYING +2 ring mail of cold resistance (252 gold).
  3938 | D:5      | Bought a +2 ring mail of cold resistance for 252 gold
                  | pieces
  4014 | D:5      | Reached XP level 8. HP: 58/58 MP: 0/0
  4043 | D:5      | 4043 ||| READING scroll of enchant weapon.
  4043 | D:5      | 4043 ||| ENCHANTING +5 arbalest of freezing.
  4121 | D:5      | Found a glowing golden altar of the Shining One.
  4121 | D:5      | Found a bloodstained altar of Trog.
  4168 | D:5      | Noticed Pikel
  4169 | D:5      | 4169 ||| RETREEEEATING.
  4172 | D:5      | 4172 ||| RETREEEEATING.
  4195 | D:5      | 4195 ||| RETREEEEATING.
  4198 | D:5      | 4198 ||| RETREEEEATING.
  4201 | D:5      | 4201 ||| RETREEEEATING.
  4206 | D:5      | HP: 6/58 [Pikel/+1 whip of electrocution (20)]
  4207 | D:5      | 4207 ||| DRINKING potion of heal wounds.
  4208 | D:5      | Killed Pikel
  4209 | D:5      | Reached skill level 6 in Dodging
  4451 | D:5      | Reached skill level 7 in Ranged Weapons
  4451 | D:5      | Reached XP level 9. HP: 31/62 MP: 0/0
  4451 | D:5      | Learned a level 4 spell: Brom's Barrelling Boulder
  4612 | D:5      | 4612 ||| UPGRADING to +2 leather armour of fire resistance.
  4622 | D:5      | 4622 ||| UPGRADING to +2 ring mail of cold resistance.
  4632 | D:5      | 4632 ||| DROPPING +0 ring mail.
  4633 | D:5      | 4633 ||| READING scroll of identify.
  4633 | D:5      | 4633 ||| IDENTIFYING coppery potion
  4634 | D:5      | 4634 ||| READING scroll labelled JAWKID MUIRYCE.
  4637 | D:5      | 4637 ||| READING scroll labelled AKOTUSTR VAETIC.
  4638 | D:5      | 4638 ||| READING scroll labelled IRYADE BOSEA.
  4639 | D:5      | 4639 ||| DRINKING 2 murky purple potions.
  4640 | D:5      | 4640 ||| DROPPING potion of attraction.
  4693 | D:6      | Noticed Blork the orc
  4695 | D:6      | Killed Blork the orc
  4832 | D:6      | Found a runed translucent door.
  4832 | D:6      | Found a shimmering altar of Xom.
  4832 | D:6      | Noticed qw's ghost (novice GrHu)
  4832 | D:6      | Noticed a +5 flail of chaos
  4852 | D:6      | Found the +7 great mace "Undeadhunter" {deathbane, rN+}
  4971 | D:6      | Reached skill level 8 in Ranged Weapons
  5537 | D:6      | Found a staircase to the Ecumenical Temple.
  5538 | D:6      | 5538 ||| PLANNING TEMPLE
  5538 | D:6      | 5538 ||| UPGRADING to +0 helmet.
  5549 | Temple   | Found a transporter.
  5549 | Temple   | Found a transporter.
  5549 | Temple   | Found a transporter.
  5549 | Temple   | Found a transporter.
  5549 | Temple   | Entered the Ecumenical Temple
  5550 | Temple   | 5550 ||| PLANNING D:1-11
  5558 | Temple   | 5558 ||| PLANNING OKAWARU WORSHIP
  5565 | Temple   | Became a worshipper of Warmaster Okawaru
  5566 | Temple   | 5566 ||| PLANNING D:1-11
  5742 | D:7      | Found a sparkling altar of Nemelex Xobeh.
  5771 | D:7      | Found a flagged portal.
  5818 | D:7      | Found a shimmering altar of Xom.
  5819 | D:7      | Found a shimmering altar of Xom.
  5821 | D:7      | Found a shimmering altar of Xom.
  5821 | D:7      | Found a shimmering altar of Xom.
  5821 | D:7      | Found a shimmering altar of Xom.
  5829 | D:7      | Reached skill level 6 in Fighting
  5846 | D:7      | Reached * piety under Okawaru
  5863 | D:7      | Reached skill level 1 in Invocations
  6045 | D:7      | Reached XP level 10. HP: 72/72 MP: 0/0
  6332 | D:7      | Reached skill level 3 in Invocations
  6372 | D:7      | Reached ** piety under Okawaru
  6417 | D:7      | 6417 ||| READING scroll of enchant armour.
  6417 | D:7      | 6417 ||| ENCHANTING +0 helmet.
  6937 | D:7      | 6937 ||| READING scroll labelled KABLER GOSU.
  6967 | D:8      | Found a blossoming altar of Fedhas.
  7015 | D:8      | Reached skill level 9 in Ranged Weapons
  7021 | D:8      | Reached skill level 3 in Armour
  7106 | D:8      | 7106 ||| RETREEEEATING.
  7108 | D:8      | 7108 ||| RETREEEEATING.
  7111 | D:8      | Reached *** piety under Okawaru
  7122 | D:8      | HP: 18/75 [red devil/+0 trident (8)]
  7123 | D:8      | 7123 ||| READING scroll of teleportation.
  7123 | D:8      | HP: 7/75 [red devil/+0 trident (12)]
  7124 | D:8      | 7124 ||| DRINKING potion of heal wounds.
  7483 | D:8      | 7483 ||| FLEEEEING.
  7672 | D:8      | Noticed a kobold demonologist
  7673 | D:8      | 7673 ||| INVOKING Heroism.
  7675 | D:8      | Killed a kobold demonologist
  7675 | D:8      | Reached **** piety under Okawaru
  7676 | D:8      | Reached skill level 10 in Ranged Weapons
  7689 | D:8      | Reached XP level 11. HP: 79/79 MP: 0/0
  7689 | D:8      | Learned a level 4 spell: Ignite Poison
  7939 | D:8      | 7939 ||| READING 2 scrolls of identify.
  7939 | D:8      | 7939 ||| IDENTIFYING purple potion
  7940 | D:8      | 7940 ||| READING scroll of identify.
  7940 | D:8      | 7940 ||| IDENTIFYING lumpy sapphire potion
  7941 | D:8      | 7941 ||| DROPPING potion of ambrosia.
  7942 | D:8      | 7942 ||| DROPPING potion of lignification.
  7954 | D:9      | 7954 ||| STAIRDANCE
  7965 | D:9      | 7965 ||| STAIRDANCE
  8000 | D:9      | 8000 ||| STAIRDANCE
  8159 | D:9      | Reached ***** piety under Okawaru
  8207 | D:9      | Reached skill level 6 in Invocations
  8253 | D:9      | Received a gift from Okawaru
  8258 | D:9      | 8258 ||| RETREEEEATING.
  8266 | D:9      | 8266 ||| INVOKING Finesse.
  8267 | D:9      | 8267 ||| INVOKING Heroism.
  8455 | D:9      | Found a staircase to the Lair.
  8635 | D:9      | Found the +5 robe of Night {Dark Will+ SInv}
  8700 | D:9      | 8700 ||| PLANNING LAIR
  8700 | D:9      | 8700 ||| DROPPING +2 robe of willpower.
  8701 | D:9      | 8701 ||| UPGRADING to +5 robe of Night {Dark Will+ SInv}.
  8711 | D:9      | 8711 ||| READING scroll of identify.
  8711 | D:9      | 8711 ||| IDENTIFYING puce potion
  8712 | D:9      | 8712 ||| DROPPING potion of magic.
  8728 | Lair:1   | Entered Level 1 of the Lair of Beasts
  8730 | Lair:1   | Received a gift from Okawaru
  8738 | Lair:1   | 8738 ||| INVOKING Finesse.
  8752 | Lair:1   | 8752 ||| FLEEEEING.
  8780 | Lair:1   | Reached XP level 12. HP: 43/86 MP: 0/0
  8825 | Lair:1   | 8825 ||| INVOKING Finesse.
  8830 | Lair:1   | Noticed a death yak
  8832 | Lair:1   | Received a gift from Okawaru
  8837 | Lair:1   | 8837 ||| INVOKING Heroism.
  8840 | Lair:1   | HP: 20/86 [blink frog (9)]
  8842 | Lair:1   | Killed a death yak
  8842 | Lair:1   | HP: 2/86 [yak (11)]
  8844 | Lair:1   | Slain by a yak

Levels and vault maps discovered:
D:1:      dpeg_arrival_shelter, layout_basic, minmay_tall_x
D:2:      minmay_razor_zed, layout_loops_ring, minmay_misc_feat_x,
          corner_web_ring, minmay_misc_feat_five, st_stairs_4
D:3:      layout_basic, grunt_decor_cap, minmay_misc_feat_columns
D:4:      minmay_angry_zag, layout_basic
D:5:      layout_rooms, gammafunk_temple_overflow_statue, serial_shops,
          nicolae_stop_n_shop_2, uniq_pikel
D:6:      layout_basic, temple_green, ebering_ghost_xom, uniq_blork_the_orc
D:7:      layout_layer_cave, xom_redecorated, mainiacjoe_overflow_brackets,
          enter_bailey_2, grunt_ministairs_1, kennysheep_generic_room_9
D:8:      layout_loops_ring, fedhas_ov_isle_minmay,
          serial_library_hellmonk_double_dead_end,
          einodemon_armed_red_devil_minivault
D:9:      layout_rooms, grunt_lair_entry_orc_guard_hut,
          hellmonk_guarded_unrand_night
Temple:   hellmonk_temple_divided_pantheon
Lair:1:   layout_gridlike, grunt_megastairs_3, uniq_maggie

Skill      XL: |  1  2  3  4  5  6  7  8  9 10 11 |
---------------+----------------------------------+-----
Ranged Weapons | 4 5 6 7 8 10 | 10.7
Armour         | 1 2 3 |  3.2
Fighting       | 3 4 6 7 8 |  8.0
Dodging        | 3 6 7 8 |  8.9
Invocations    | 2 4 8 |  8.8
Stealth        | |  0.7

Action                     |  1- 3 |  4- 6 |  7- 9 | 10-12 || total
---------------------------+-------+-------+-------+-------++-------
   Fire: Shortbow          |    74 |       |       |       ||    74
         Arbalest          |    13 |   138 |   141 |   305 ||   597
 Invoke: Heroism           |       |       |       |     3 ||     3
         Finesse           |       |       |       |     3 ||     3
    Use: Scroll            |     6 |     6 |     5 |     6 ||    23
         Potion            |     2 |     2 |     2 |     1 ||     7
 Armour: Leather armour    |    22 |       |       |       ||    22
         Ring mail         |     2 |    61 |    46 |   102 ||   211
         Robe              |       |       |       |    30 ||    30
  Dodge: Dodged            |    20 |    40 |    44 |   127 ||   231

Table legend:
 A = Non-vault XP
 B = Vault XP
 C = Vault XP percentage of total XP
 D = Non-vault monster count
 E = Vault monster count
 F = Vault count percentage of total count
                 A         B        C        D         E       F
            +---------+---------+-------+---------+---------+-------
      Total |   10949 |    6830 |  38.4 |     229 |      52 |  18.5
            +---------+---------+-------+---------+---------+-------
        D:1 |      33 |       6 |  15.4 |      22 |       4 |  15.4
        D:2 |      92 |      63 |  40.6 |      26 |      14 |  35.0
        D:3 |      70 |       0 |   0.0 |      12 |       0 |   0.0
        D:4 |     524 |      90 |  14.7 |      31 |       6 |  16.2
        D:5 |     456 |     663 |  59.2 |       8 |       1 |  11.1
        D:6 |     849 |     100 |  10.5 |      19 |       1 |   5.0
        D:7 |    1240 |     398 |  24.3 |      15 |       5 |  25.0
        D:8 |    3065 |    1102 |  26.4 |      60 |       4 |   6.2
        D:9 |    1081 |    3005 |  73.5 |      24 |      13 |  35.1
     Lair:1 |    3539 |    1403 |  28.4 |      12 |       4 |  25.0
            +---------+---------+-------+---------+---------+-------
